 Dungeon Crawl Stone Soup version 0.27.0-1-g7a089689b8 (webtiles) character file.

Game seed: 5977677357817390013

3 MisterFreud the Shield-Bearer (level 1, 0/14 HPs)
             Began as a Gargoyle Fighter on Aug 1, 2021.
             Slain by a jackal (1 damage)
             ... on level 1 of the Dungeon.
             The game lasted 00:00:50 (169 turns).

MisterFreud the Shield-Bearer (Gargoyle Fighter)     Turns: 169, Time: 00:00:50

Health: 0/14       AC:  9    Str: 19    XL:     1   Next: 50%
Magic:  1/1        EV:  7    Int:  8    God:
Gold:   0          SH:  9    Dex:  9    Spells: 0/0 levels left

rFire    . . .     SeeInvis .   a - +0 flail
rCold    . . .     Faith    .   c - +0 kite shield
rNeg     + . .     Spirit   .   b - +0 scale mail
rPois    ∞         Reflect  .   (no helmet)
rElec    +         Harm     .   (no cloak)
rCorr    .         Rampage  .   (no gloves)
Will     .....                  (no boots)
Stlth    ..........             (no amulet)
HPRegen  0.04/turn              (no ring)
MPRegen  0.07/turn              (no ring)

@: no status effects
A: sickness immunity, AC +2, negative energy resistance 1, electricity
resistance, torment resistance 1, petrification resistance
a: no special abilities


You were on level 1 of the Dungeon.
You visited 1 branch of the dungeon, and saw 1 of its levels.

Inventory:

Hand Weapons
 a - a +0 flail (weapon)
Missiles
 e - 6 poisoned darts (quivered)
Armour
 b - a +0 scale mail (worn)
 c - a +0 kite shield (worn)
Potions
 d - a potion of might
 f - a potion of brilliance {unknown}


   Skills:
 - Level 3.2 Fighting
 * Level 2.1 Maces & Flails
 + Level 3.3 Armour
 + Level 3.3 Shields


You couldn't memorise any spells.
You didn't know any spells.
Your spell library was empty.

Dungeon Overview and Level Annotations

Branches:
Dungeon (1/15)

Altars:


Innate Abilities, Weirdness & Mutations

You are immune to sickness and miasma.
Your stone body is resilient. (AC +2)
You are immune to poison.
You resist negative energy. (rN+)
You are resistant to electric shocks. (rElec)
You are resistant to unholy torment.
You are immune to petrification.


Message History

The jackal bites you but does no damage.
You barely miss the jackal.
The dart slug looks more healthy.
You block the jackal's attack. The jackal closely misses you.
Throw: 9 darts (poison)
Press: ? - help, Q - select action Shift-Dir - straight line, f - goblin, p - dart slug
Aim: a goblin, wielding a +0 dagger (45% to hit)
You throw a poisoned dart.
The poisoned dart barely misses the jackal.
The poisoned dart completely misses the goblin.
The jackal bites you but does no damage.
The jackal closely misses you.
Unknown command.
Unknown command.
Unknown command.
Unknown command.
Unknown command.
Throw: 8 darts (poison)
Press: ? - help, Q - select action Shift-Dir - straight line, f/p - goblin
Aim: a goblin, wielding a +0 dagger (45% to hit)
You throw a poisoned dart. The poisoned dart misses the jackal.
The poisoned dart closely misses the goblin.
The jackal bites you.
* * * LOW HITPOINT WARNING * * *
The jackal bites you but does no damage.
Unknown command.
Throw: 7 darts (poison)
Press: ? - help, Q - select action Shift-Dir - straight line, f - endoplasm, p - goblin
Aim: an endoplasm (moderately wounded, 84% to hit)
You throw a poisoned dart. The poisoned dart hits the jackal.
The jackal is poisoned.
The jackal closely misses you. The jackal barely misses you.
You barely miss the jackal.
The jackal is moderately wounded.
You block the jackal's attack. x2
You closely miss the jackal.
The jackal is heavily wounded.
The jackal bites you.
* * * LOW HITPOINT WARNING * * *
The jackal bites you.
You die...

##..#####..## #...........#
.# .# #...........##.#..
#.⌠...<...⌠.##.#.#
#...........##.#.# .
#...........##...##### ...
####..#..#####........
.....##.##...##..##........
........#)....#.@hwg.......
.....###†.).....###J#.....
.r. ##......## #.# ... .
######## #l.# . .....
........ ##.#####.. ... ...
.## ....


You could see a dart slug, an endoplasm, a jackal (poisoned) and a goblin.

Vanquished Creatures
  A hobgoblin (D:1)
  2 kobolds (D:1)
  A rat (D:1)
4 creatures vanquished.

Notes
Turn   | Place    | Note
-------+----------+-------------------------------------------
     0 | D:1      | MisterFreud the Gargoyle Fighter began the quest for the
                  | Orb.
     0 | D:1      | Reached XP level 1. HP: 14/14 MP: 1/1
   169 | D:1      | Slain by a jackal

Illustrated notes

Levels and vault maps discovered:
D:1:      dpeg_arrival_arbitrary_c, layout_rooms, basic_ecumenical_altar

Action                   || total
-------------------------++-------
Melee: Flail             ||    18
Throw: Dart              ||     4
Armor: Scale mail        ||    15
Dodge: Dodged            ||     8
Block: Kite shield       ||    15
